Map: Jagannatha LE

Players

CuZergKiller - Winner!

  • Race: Zerg Zerg
  • League: Master

SmokeFast

  • Race: Terran Terran
  • League: Diamond

VOD

Have the link to the VOD?

Description

Time

  • Played on: Aug. 19, 2021, 3:08 p.m.
  • Length: 38:20
Show
View Real Time Build Order
Export as new Build Order

CuZergKiller Zerg - Winner!

Build Orders: Hatch First, Brood Lord Corruptor 

Get SALT Encoding   

  12  0:01  Drone  
  13  0:15  Overlord  
  13  0:18  Drone  
  14  0:35  Drone x2  
  16  0:39  Drone  
  17  0:55  Hatchery  
  17  0:56  Drone  
  17  1:01  Drone  
  18  1:09  Extractor  
  18  1:11  Drone  
  18  1:18  Spawning Pool  
  18  1:21  Drone  
  18  1:31  Drone  
  19  1:42  Overlord  
  19  1:54  Drone  
  20  2:05  Queen  
  20  2:06  Queen, Zergling x2  
  20  2:08  Zergling x2  
  26  2:13  Metabolic Boost  
  27  2:15  Drone  
  27  2:19  Drone  
  28  2:25  Overlord  
  28  2:35  Drone  
  29  2:39  Drone x2  
  31  2:49  Drone  
  31  2:51  Drone  
  33  2:52  Queen  
  33  2:53  Queen  
  33  2:58  Drone  
  38  3:03  Drone  
  38  3:21  Hatchery  
  38  3:23  Drone x4  
  41  3:33  Overlord  
  41  3:34  Overlord  
  41  3:36  Drone x2  
  43  3:54  Drone x4  
  43  3:55  Drone  
  48  3:59  Drone  
  48  4:00  Drone  
  48  4:02  Queen x2  
  52  4:04  Drone x2  
  52  4:08  Zergling x4  
  58  4:14  Extractor, Spore Crawler  
  58  4:16  Spore Crawler  
  55  4:27  Drone  
  55  4:28  Drone, Overlord x2  
  57  4:37  Baneling Nest  
  56  4:39  Queen  
  56  4:40  Drone x5  
  62  4:56  Drone x2  
  62  4:58  Spore Crawler  
  62  4:59  Evolution Chamber  
  62  5:00  Evolution Chamber  
  62  5:03  Extractor  
  62  5:06  Zergling x6  
  62  5:07  Zergling x2  
  64  5:11  Drone x2  
  66  5:16  Drone  
  66  5:19  Queen  
  66  5:20  Queen x2  
  73  5:22  Drone  
  73  5:23  Drone x2, Overlord  
  73  5:24  Drone  
  77  5:28  Drone x2  
  77  5:29  Drone  
  76  5:40  Drone x5  
  81  5:54  Drone  
  82  6:07  Hatchery  
  74  6:25  Drone x4  
  75  6:26  Drone x4  
  75  6:29  Zerg Melee Weapons Level 1, Zerg Ground Armor Level 1  
  75  6:30  Extractor  
  75  6:32  Lair  
  79  6:41  Spore Crawler  
  79  6:44  Drone  
  79  6:49  Extractor, Overlord x2  
  79  6:50  Overlord x2  
  79  6:51  Overlord  
  78  6:57  Zergling x8  
  78  6:58  Baneling  
  78  6:59  Baneling x4, Overlord x3  
  82  7:06  Queen x2  
  86  7:18  Hatchery  
  86  7:20  Overlord x2  
  86  7:22  Zergling x6  
  88  7:23  Zergling x14  
  88  7:26  Queen  
  97  7:30  Zergling x6  
  97  7:32  Drone  
  97  7:35  Centrifical Hooks  
  101  7:42  Queen x2  
  105  7:48  Drone, Hatchery  
  105  7:49  Drone  
  102  7:53  Zergling x10  
  102  7:55  Overseer, Drone  
  102  7:57  Zergling x4  
  109  8:15  Baneling  
  109  8:16  Baneling x2  
  109  8:17  Extractor  
  108  8:26  Zerg Melee Weapons Level 2, Zerg Ground Armor Level 2  
  108  8:27  Infestation Pit, Zergling x4  
  107  8:28  Drone, Zergling x6  
  107  8:29  Spire, Drone x3  
  107  8:30  Drone x3  
  107  8:31  Drone  
  107  8:33  Drone  
  120  8:52  Zergling x4  
  120  8:53  Zergling x6  
  125  8:56  Zergling x2  
  125  8:57  Zergling x4  
  125  8:59  Drone x3, Zergling x2  
  125  9:00  Drone x7  
  139  9:10  Hive  
  139  9:15  Drone x5  
  144  9:19  Zergling x10  
  144  9:20  Drone x2  
  144  9:21  Drone x3, Extractor  
  144  9:22  Drone x2  
  134  9:49  Zergling x22  
  133  9:54  Zergling x10  
  135  10:00  Corruptor x5  
  143  10:09  Hatchery  
  143  10:12  Baneling x3  
  143  10:13  Baneling x8  
  143  10:14  Baneling  
  142  10:15  Zergling x8  
  142  10:16  Zergling x4  
  142  10:19  Corruptor x3  
  154  10:23  Greater Spire  
  154  10:25  Drone x3  
  139  10:50  Corruptor x6  
  139  10:52  Zergling x14  
  139  10:53  Zergling x6  
  139  10:55  Overlord x4  
  161  10:57  Extractor x2  
  161  10:59  Spine Crawler  
  161  11:01  Spine Crawler  
  161  11:03  Drone  
  158  11:05  Spore Crawler  
  158  11:06  Drone x4  
  158  11:07  Spore Crawler  
  158  11:08  Spore Crawler  
  159  11:15  Corruptor x3  
  165  11:21  Drone x3  
  165  11:24  Drone x5  
  173  11:32  Overlord  
  173  11:35  Extractor  
  173  11:36  Drone x3  
  175  11:43  Zerg Flyer Weapons Level 1  
  170  11:50  Drone x2  
  172  11:58  Spine Crawler  
  172  12:00  Spine Crawler  
  170  12:03  Zerg Melee Weapons Level 3  
  170  12:04  Zerg Ground Armor Level 3  
  170  12:06  Adrenal Glands  
  170  12:11  Zergling x12  
  170  12:12  Zergling x10  
  170  12:14  Baneling x10  
  170  12:15  Baneling x4  
  181  12:16  Zergling x10  
  181  12:17  Zergling x10  
  181  12:18  Zergling x2  
  156  12:40  Brood Lord  
  156  12:41  Brood Lord x2  
  156  12:42  Zergling x4  
  155  12:47  Zergling x6  
  155  12:48  Zergling x14  
  155  12:49  Zergling x14  
  155  12:50  Zergling x4  
  157  12:59  Zergling x2  
  157  13:00  Zergling x2  
  157  13:01  Zergling x4  
  157  13:03  Brood Lord  
  164  13:05  Zergling x4  
  148  13:13  Zergling x8  
  148  13:15  Queen x3  
  148  13:16  Queen  
  148  13:19  Drone x3  
  158  13:28  Brood Lord x2  
  158  13:29  Brood Lord  
  158  13:31  Drone x2  
  158  13:32  Drone x2  
  168  13:44  Baneling  
  168  13:45  Baneling x6  
  168  13:47  Overseer  
  168  13:49  Ultralisk Cavern  
  167  13:56  Overseer x3  
  167  13:59  Spore Crawler  
  166  14:08  Brood Lord x2  
  170  14:10  Zergling x16  
  170  14:11  Zergling x30  
  170  14:13  Queen  
  186  14:27  Zergling x4  
  180  14:38  Queen  
  180  14:39  Queen x2  
  182  14:49  Corruptor x5  
  182  14:50  Corruptor  
  194  15:03  Baneling x9  
  194  15:04  Baneling x9  
  194  15:08  Queen  
  194  15:13  Queen, Spine Crawler  
  194  15:14  Queen, Spine Crawler x3, Pneumatized Carapace  
  194  15:17  Spine Crawler x2  
  194  15:19  Spine Crawler  
  152  15:36  Zergling x6  
  133  15:50  Zergling x14  
  133  15:51  Zergling x46  
  147  15:58  Zergling x2, Corruptor x5  
  147  15:59  Drone  
  124  16:13  Zergling x4  
  124  16:18  Drone  
  130  16:20  Drone x4  
  130  16:21  Drone  
  123  16:36  Ultralisk x3  
  128  16:58  Zergling x6  
  128  17:00  Hatchery  
  128  17:01  Drone x5  
  123  17:02  Drone  
  123  17:03  Extractor  
  123  17:11  Hatchery  
  123  17:13  Ultralisk  
  117  17:51  Ultralisk x3  
  135  17:52  Ultralisk  
  135  17:56  Chitinous Plating  
  141  18:12  Corruptor  
  141  18:13  Corruptor x3  
  141  18:16  Drone  
  141  18:19  Drone  
  148  18:44  Extractor  
  148  18:45  Extractor  
  136  18:50  Spine Crawler x2  
  136  18:52  Spine Crawler  
  136  18:53  Spine Crawler  
  136  18:54  Corruptor x5  
  142  18:57  Drone x3  
  142  18:58  Drone x5  
  149  19:12  Drone  
  149  19:13  Drone x5  
  149  19:16  Spine Crawler  
  154  19:21  Drone x2  
  154  19:22  Drone  
  157  19:25  Queen  
  159  19:33  Spine Crawler x2  
  159  19:35  Drone  
  159  19:36  Drone, Spore Crawler  
  158  19:39  Brood Lord x5  
  158  19:43  Drone, Extractor  
  168  19:46  Queen x2  
  172  19:58  Overlord x2  
  172  20:09  Spine Crawler  
  171  20:16  Spine Crawler x3, Corruptor x4  
  171  20:17  Corruptor x2  
  180  20:22  Baneling x2  
  180  20:24  Overlord x2  
  180  20:27  Extractor  
  176  20:32  Spore Crawler  
  174  20:36  Spore Crawler  
  174  20:39  Anabolic Synthesis  
  174  20:40  Queen  
  174  20:41  Queen x3  
  180  20:45  Corruptor  
  181  20:58  Corruptor x3  
  187  21:06  Zergling x2  
  187  21:07  Zergling x2  
  187  21:08  Zergling x4  
  191  21:12  Zerg Flyer Weapons Level 2  
  191  21:14  Drone x2  
  191  21:18  Drone  
  194  21:29  Queen x3  
  200  21:46  Hatchery  
  191  22:09  Spore Crawler  
  191  22:13  Spine Crawler  
  191  22:14  Spine Crawler  
  191  22:15  Spore Crawler x2  
  186  22:31  Hatchery  
  186  22:32  Ultralisk x2  
  186  22:35  Drone x2  
  186  22:37  Overseer  
  199  22:38  Overseer  
  194  23:28  Zerg Flyer Armor Level 1  
  194  23:31  Overlord x3  
  194  23:32  Overlord  
  193  23:43  Overlord x3  
  193  24:01  Viper x2  
  199  24:04  Hatchery  
  195  24:54  Hatchery  
  195  24:56  Spine Crawler x2  
  189  25:03  Viper  
  189  25:04  Viper x3  
  200  25:30  Zerg Flyer Weapons Level 3  
  198  26:20  Drone x2  
  200  26:44  Spine Crawler  
  200  26:45  Spine Crawler  
  196  27:46  Spine Crawler x2  
  196  27:47  Spine Crawler  
  173  29:00  Corruptor x6  
  173  29:01  Corruptor x3  
  190  29:10  Zergling x14  
  190  29:16  Zerg Flyer Armor Level 2  
  196  29:45  Spine Crawler x2  
  196  29:46  Spine Crawler  
  182  30:22  Drone x6  
  182  30:23  Drone, Spine Crawler  
  182  30:24  Spine Crawler x2  
  186  30:37  Hatchery  
  170  31:40  Drone x2  
  170  31:41  Ultralisk x4  
  164  32:14  Ultralisk x4  
  164  32:15  Ultralisk x2  
  196  32:28  Queen x2  
  196  32:29  Queen  
  197  32:36  Brood Lord  
  197  32:37  Brood Lord x2  
  164  33:13  Corruptor x3  
  170  33:20  Queen x5  
  170  33:21  Queen  
  184  33:41  Brood Lord x4  
  184  33:42  Brood Lord x2  
  184  33:44  Zerg Flyer Armor Level 3  
  192  34:09  Queen x3  
  194  34:10  Queen  
  200  34:31  Hatchery  
  195  35:02  Extractor  
  195  35:03  Extractor  
  193  35:14  Overseer x4  
  193  35:24  Viper x2  
  185  36:36  Zergling x12  
  191  36:41  Infestor x2  
  195  36:58  Baneling  
  195  36:59  Baneling  
  192  37:12  Queen x2  
  192  37:13  Queen x2  
Show
View Real Time Build Order
Export as new Build Order

SmokeFast Terran 

Build Orders: Reaper Expand, Mech 

Get SALT Encoding   

  12  0:00  SCV  
  13  0:12  SCV  
  14  0:17  Supply Depot  
  14  0:24  SCV  
  15  0:39  SCV  
  15  0:40  Barracks  
  16  0:48  Refinery  
  16  0:51  SCV  
  17  1:03  SCV  
  18  1:15  SCV  
  19  1:28  Orbital Command  
  19  1:31  Reaper  
  20  1:46  Command Center  
  20  1:54  Refinery  
  20  1:56  SCV  
  21  2:05  Supply Depot  
  21  2:08  SCV  
  22  2:11  Barracks Reactor  
  22  2:20  SCV  
  23  2:33  Factory  
  23  2:40  SCV  
  24  2:52  Marine x2  
  24  2:53  SCV  
  27  3:05  Orbital Command, SCV  
  27  3:07  Bunker  
  27  3:09  Marine  
  27  3:10  Marine  
  30  3:23  SCV  
  31  3:28  Starport  
  31  3:33  SCV  
  32  3:37  Barracks Reactor  
  32  3:39  Supply Depot  
  34  3:41  Hellion x2  
  34  3:45  SCV  
  34  3:47  SCV  
  38  3:57  SCV  
  39  4:03  Hellion x2  
  39  4:05  Supply Depot  
  39  4:08  Viking  
  45  4:10  Factory  
  45  4:14  SCV x2  
  47  4:22  Refinery  
  47  4:26  SCV x2, Barracks Tech Lab  
  47  4:28  Hellion x2  
  53  4:32  Supply Depot  
  53  4:38  SCV  
  53  4:43  SCV  
  55  4:50  SCV  
  56  4:53  Medivac  
  56  4:54  Liberator  
  56  4:55  SCV  
  56  4:57  Refinery  
  62  5:05  Hellion, Command Center  
  64  5:09  SCV  
  64  5:12  Infernal Pre-Igniter  
  65  5:16  Armory, SCV  
  62  6:15  Siege Tank, Hellion x2  
  57  6:25  Orbital Command  
  53  6:27  Command Center, Barracks Tech Lab  
  53  6:30  Terran Vehicle Weapons Level 1  
  53  6:31  Factory, Supply Depot  
  53  6:32  Armory  
  53  6:33  SCV  
  54  6:40  Supply Depot  
  54  6:46  Hellion  
  54  6:47  Hellion, Liberator x2  
  58  6:48  Orbital Command  
  58  6:49  Siege Tank  
  67  7:07  Factory  
  67  7:09  SCV x2  
  69  7:18  SCV  
  69  7:20  Hellion  
  69  7:21  Hellion, SCV x2  
  69  7:22  Siege Tank  
  79  7:30  SCV  
  79  7:31  Engineering Bay  
  79  7:33  Liberator, Refinery, SCV x2  
  85  7:37  Refinery  
  85  7:44  Widow Mine x2  
  89  7:54  Terran Vehicle And Ship Armor Level 1, Supply Depot  
  89  7:59  Missile Turret  
  89  8:01  Missile Turret  
  89  8:02  Factory  
  89  8:03  Missile Turret  
  89  8:05  Factory Tech Lab  
  89  8:09  Thor  
  95  8:13  SCV  
  95  8:18  SCV  
  95  8:19  Supply Depot x2, SCV  
  98  8:20  Supply Depot  
  98  8:25  SCV  
  99  8:28  Missile Turret  
  99  8:31  SCV x2  
  101  8:35  Sensor Tower  
  101  8:37  Siege Tank, SCV  
  101  8:38  Siege Tank  
  101  8:39  Hellion  
  110  8:42  Medivac  
  110  8:43  SCV  
  110  8:46  Planetary Fortress  
  113  8:58  Supply Depot  
  113  9:22  Siege Tank  
  113  9:23  Siege Tank, Hellion  
  124  9:24  Factory Tech Lab  
  124  9:25  Liberator, Missile Turret  
  127  9:41  Siege Tank  
  123  9:54  Siege Tank  
  121  10:01  Siege Tank x2, Hellion  
  121  10:02  Hellion  
  131  10:13  Siege Tank, Barracks Tech Lab  
  134  10:15  SCV x3  
  134  10:19  Missile Turret  
  137  10:21  Supply Depot  
  137  10:23  Hellion x2, Medivac x2  
  137  10:25  SCV  
  137  10:27  Hellion, SCV x2  
  150  10:29  Refinery  
  150  10:31  Refinery  
  150  10:33  Siege Tank x2  
  151  10:50  Terran Vehicle Weapons Level 2, Terran Vehicle And Ship Armor Level 2  
  151  10:57  Hellion x2  
  151  11:01  Command Center  
  155  11:04  Command Center  
  155  11:14  Thor, Sensor Tower  
  155  11:17  Marine  
  162  11:24  Supply Depot  
  162  11:26  SCV x2  
  162  11:28  Supply Depot  
  164  11:46  Thor, Marine  
  171  11:49  Siege Tank  
  171  11:50  Hellion x2  
  178  12:12  Thor  
  184  12:19  Starport  
  184  12:20  Thor  
  184  12:21  Widow Mine x2  
  165  12:35  Widow Mine x2  
  154  12:55  Thor  
  154  12:56  Cyclone x2  
  152  12:58  Hellion x2  
  152  13:03  Hellion  
  148  13:12  Viking  
  148  13:13  Viking  
  148  13:16  Terran Ship Weapons Level 1  
  148  13:17  Terran Vehicle Weapons Level 3  
  140  13:22  Starport Reactor  
  140  13:26  Thor, Hellion x2  
  150  13:28  Thor, SCV  
  150  13:29  SCV  
  158  13:36  Supply Depot  
  158  13:41  Starport  
  158  13:42  Starport  
  158  13:43  Hellion x2  
  158  13:46  Viking x2  
  158  13:47  Hellion  
  166  14:12  Viking x2  
  166  14:16  Viking  
  165  14:30  Viking  
  138  14:42  Viking x2, Cyclone x4  
  138  14:44  Widow Mine x2  
  127  14:46  Viking  
  127  14:49  Viking  
  127  14:50  Viking  
  133  14:59  Supply Depot  
  133  15:00  Viking, Missile Turret x2  
  135  15:12  Viking x2  
  139  15:14  Cyclone x2  
  115  15:48  Viking x2  
  115  15:49  Viking  
  100  16:09  Hellion, Cyclone x2  
  100  16:10  Hellion x3  
  100  16:11  Viking  
  98  16:18  Viking x2  
  98  16:19  Viking  
  96  16:35  Hellion  
  96  16:36  Hellion x2  
  89  16:41  Viking  
  74  16:48  Viking  
  66  16:57  Viking  
  66  16:58  Hellion x2  
  66  16:59  Hellion x3  
  78  17:11  Viking  
  68  17:34  SCV x2  
  70  17:37  Orbital Command, Cyclone x3  
  70  17:38  Hellion x2  
  70  17:40  Mag-Field Accelerator  
  83  17:46  Thor  
  83  17:49  Planetary Fortress  
  89  18:09  Thor  
  95  18:22  Siege Tank  
  95  18:23  Siege Tank, Refinery  
  95  18:24  Command Center  
  101  18:30  SCV x2  
  101  18:33  Supply Depot  
  103  18:34  Supply Depot x2  
  103  18:36  Refinery  
  101  18:55  Liberator x2  
  101  18:56  Liberator  
  98  19:15  Supply Depot  
  98  19:17  Supply Depot  
  98  19:18  Missile Turret  
  98  19:25  Terran Vehicle And Ship Armor Level 3, Terran Ship Weapons Level 2  
  98  19:27  Liberator  
  101  19:38  Liberator  
  101  19:43  Liberator  
  101  19:44  Barracks  
  107  20:21  Cyclone  
  107  20:22  Cyclone  
  107  20:23  Cyclone  
  107  20:24  Hellion  
  107  20:26  SCV  
  119  20:34  Orbital Command  
  119  20:41  Refinery  
  119  20:47  Liberator  
  119  20:49  Cyclone  
  129  20:50  Hellion x2  
  129  20:54  Hellion  
  131  21:04  SCV  
  132  21:33  Cyclone x3  
  132  21:34  Hellion x3  
  141  22:10  SCV  
  141  22:11  SCV x2  
  144  22:19  Supply Depot  
  144  22:26  Hellion x3, Cyclone x2  
  144  22:27  Cyclone  
  144  22:29  Terran Ship Weapons Level 3  
  159  22:34  SCV  
  160  22:39  Refinery  
  160  22:50  Supply Depot  
  160  22:58  Cyclone  
  160  22:59  Cyclone  
  151  23:30  Hellion x2  
  151  23:32  Missile Turret  
  143  23:48  SCV  
  144  23:55  SCV  
  144  23:57  Liberator x2  
  144  23:59  Thor x2  
  144  24:01  Hellion x2  
  167  24:07  Supply Depot  
  167  24:14  Thor  
  167  24:15  Thor  
  179  24:52  Cyclone x2  
  182  26:23  Cyclone x2  
  182  26:24  Hellion x3  
  182  26:25  Liberator x2  
  191  26:26  Liberator  
  191  26:29  Starport  
  200  27:16  Supply Depot  
  200  27:23  Command Center  
  200  27:32  Starport Tech Lab  
  197  28:02  Missile Turret  
  197  28:25  Cyclone  
  179  28:59  Viking x2  
  179  29:01  Cyclone x3  
  179  29:02  Hellion x2  
  196  29:17  Refinery  
  196  29:24  Viking  
  196  29:25  Viking  
  196  29:27  Starport  
  180  30:09  Cyclone x3  
  180  30:10  Hellion x3  
  188  30:22  Starport Reactor  
  188  30:31  Missile Turret  
  188  30:47  Hellion, Cyclone x3  
  157  32:08  Cyclone x3  
  135  32:09  Hellion x3  
  141  32:23  Viking x5  
  143  32:30  Widow Mine x2  
  139  32:48  Hellion, Cyclone  
  139  32:49  Hellion  
  139  32:50  Hellion  
  148  32:51  Hellion x2  
  123  33:12  Hellion x4  
  105  33:26  Hellion x2  
  115  33:27  Hellion x4  
  117  33:37  SCV x2  
  117  33:38  SCV x2  
  121  33:48  Hellion x2  
  125  34:07  Widow Mine x2  
  125  34:08  Widow Mine x2  
  135  34:38  Hellion  
  135  34:39  Hellion x3, Widow Mine x2  
  145  34:59  Missile Turret  
  145  35:00  Cyclone  
  146  35:38  Hellion x3  
  146  35:39  Hellion  
  154  37:14  SCV x3  
  154  37:15  SCV x3  
  159  37:26  SCV  
Tags
 
Add a new tag
Caveats
  • Supply blocks, unpowered buildings, or Contaminate may cause inaccurate times.
  • Supply counts are checked every 10 seconds.